 Dungeon Crawl Stone Soup version 0.29.1-15-g9cfb28693d (webtiles) character file.

Game seed: 6559189912014583762

6960 Starhustler the Thaumaturge (level 10, -8/50 HPs)
             Began as a Deep Elf Ice Elementalist on Mar 13, 2023.
             Mangled by a red devil
             ... wielding a +0 demon trident of electrocution
             ... summoned by a kobold demonologist
              (13 damage)
             ... on level 10 of the Dungeon on Mar 17, 2023.
             The game lasted 00:57:37 (8606 turns).

Starhustler the Thaumaturge (DEIE)                  Turns: 8606, Time: 00:57:38

Health: -8/50      AC:  9    Str:  5    XL:     10   Next: 81%
Magic:  25/29      EV: 16    Int: 31    God:
Gold:   309        SH:  5    Dex: 15    Spells: 16/36 levels left

rFire   . . .      SeeInvis .   E - +1 quarterstaff (spect)
rCold   . . .      Faith    .   (shield currently unavailable)
rNeg    . . .      Spirit   .   d - +1 steam dragon scales
rPois   +          Reflect  +   z - +0 helmet
rElec   .          Harm     .   l - +1 cloak {rPois}
rCorr   .          Rampage  .   v - +2 pair of gloves
Will    +....                   C - +0 pair of boots
Stlth   ++........              A - amulet of reflection
HPRegen 0.16/turn               g - +6 ring of intelligence
MPRegen 0.21/turn               (no ring)

@: spiked, corroded
A: no striking features
a: no special abilities


You were on level 10 of the Dungeon.
You visited 1 branch of the dungeon, and saw 10 of its levels.
You also visited: Bailey.

You collected 309 gold pieces.

Inventory:

Hand Weapons
 h - a +1 dagger of draining
 t - a +4 quarterstaff of chaos
 E - a +1 spectral quarterstaff (weapon)
Missiles
 e - a throwing net
Armour
 d - +1 steam dragon scales (worn)
 j - an orb of guile
 k - +0 acid dragon scales
 l - a +1 cloak of poison resistance (worn)
 v - a +2 pair of gloves (worn)
 z - a +0 helmet (worn)
 C - a +0 pair of boots (worn)
Magical Staves
 q - a staff of conjuration
Jewellery
 g - a +6 ring of intelligence (left hand)
 A - an amulet of reflection (around neck)
Wands
 F - a wand of light (7)
Scrolls
 a - a scroll of enchant weapon {unknown}
 c - a scroll of torment {unknown}
 i - 2 scrolls of vulnerability
 w - a scroll of amnesia
 y - a scroll of magic mapping {unknown}
 B - 3 scrolls of teleportation {unknown}
 D - a scroll of poison {unknown}
 H - a scroll of identify
 I - a scroll of butterflies {unknown}
Potions
 b - 3 potions of magic
 f - a potion of lignification {unknown}
 m - 2 potions of mutation {unknown}
 o - 2 potions of flight {unknown}
 p - 2 potions of attraction {unknown}
 r - 3 potions of brilliance
 s - 2 potions of degeneration {unknown}
 x - a potion of invisibility {unknown}
 G - a potion of cancellation {unknown}


   Skills:
 + Level 9.1 Dodging
 - Level 3.1 Stealth
 * Level 13.5 Spellcasting
 + Level 3.1 Transmutations
 * Level 12.1 Ice Magic


You had 16 spell levels left.
You knew the following spells:

 Your Spells              Type           Power      Damage    Failure   Level
a - Freeze                Ice            100%       1d11      0%          1
b - Frozen Ramparts       Ice            100%       1d16      1%          3
c - Ozocubu's Armour      Ice            77%        N/A       1%          3
d - Hailstorm             Conj/Ice       55%        3d12      1%          4
e - Wereblood             Tmut           40%        N/A       1%          2
f - Ice Form              Ice/Tmut       62%        N/A       1%          4
g - Slow                  Hex            84%        N/A       2%          1
h - Scorch                Fire           42%        2d7       3%          2

Your spell library contained the following spells:

 Spells                   Type           Power      Damage    Failure   Level
 Beastly Appendage        Tmut           80%        N/A       1%          1
 Spider Form              Tmut/Pois      30%        N/A       3%          3
 Confusing Touch          Hex            21%        N/A       7%          3
 Vampiric Draining        Necr           21%        2d7       7%          3
 Flame Wave               Conj/Fire      21%        2d8       22%         4
 Simulacrum               Ice/Necr       27%        N/A       28%         6
 Summon Cactus Giant      Summ           10%        N/A       98%         6


Dungeon Overview and Level Annotations

Branches:
Dungeon (10/15)            Temple (0/1) D:5          Bailey (visited)
   Lair: D:8-11         Orc: D:9-12

Altars:
Cheibriados
Nemelex Xobeh
Ru
Trog
Vehumet
Xom

Shops:
D:8 (

Annotations:
D:8 exclusion: statue


Message History

You now have 309 gold pieces (gained 10).
Hit: E) +1 quarterstaff (spect)
Press: ? - help, Dir - move target, f - you
Okay, then.
There are no items here.
The kobold demonologist hits you but does no damage.
Casting: Frozen Ramparts (safe; 1% risk of failure)
Confirm with . or Enter, or press ? or * to list all spells.
Casting: Frozen Ramparts (safe; 1% risk of failure)
Press: ? - help, Dir - look around, f - activate The walls around you are covered in ice.
The wall freezes the kobold demonologist.
The kobold demonologist casts a spell.
Casting: Frozen Ramparts (safe; 1% risk of failure)
Confirm with . or Enter, or press ? or * to list all spells.
A film of ice covers your body!
The shadow completely resists.
The wall freezes the shadow but does no damage.
The wall freezes the kobold demonologist.
The kobold demonologist hits you but does no damage.
The rust devil resists.
The wall freezes the rust devil.
The rust devil hits you. The rust devil corrodes you!
Your icy armour and frozen ramparts will break if you move.
Continue?
Your icy armour cracks and falls away as you move.
The frozen ramparts melt away as you move.
Found a leather armour.
The kobold demonologist misses you.
The kobold demonologist mumbles some strange words.
The shadow hits you. The shadow attacks as you move away!
The shadow completely misses you.
The rust devil attacks as you move away!
The rust devil closely misses you.
The kobold demonologist mumbles some strange words.
The shadow slips into darkness.
The shadow flickers and vanishes!
Deactivating autopickup; reactivate with Ctrl-A.
The kobold demonologist miscasts a cantrip.
The red devil hits you from afar with a +0 demon trident of electrocution!!
* * * LOW HITPOINT WARNING * * *
Barbed spikes become lodged in your body.
You are electrocuted!
You die...

.# ### .. ... .# #.#
..... # .# ##.#.# .# #
.#........##..#
...##.# ..[..#.#.....#
.. ..#.#..$...#@# #
...# .......!#...# .#
.#.## #.##.#.#4#.##..#
.#.... ......4K#4....#
<#.##.###.##.#.#.##..#
##...............# .#
##.####.###.##.#.# #
.#†####.###.##.#.##
...................


You could see 2 rust devils, a kobold demonologist and a red devil (summoned).

Vanquished Creatures
  A two-headed ogre (D:8)
  A death yak (D:9)
  Maggie (D:6)
  A kobold demonologist (D:7)
  Sigmund (D:5)
  3 wyverns
  6 yaks (D:4)
  Eustachio (D:6)
  2 acid dragons (D:8)
  A water moccasin (D:6)
  A sky beast (D:7)
  2 black bears
  An ice beast (D:7)
  4 ogres
  3 centaurs
  A phantom (D:7)
  A kobold brigand (D:9)
  3 bullfrogs
  5 scorpions
  10 wights
  10 killer bees
  3 howler monkeys
  2 orc priests
  5 hounds
  A jelly (D:7)
  Crazy Yiuf (D:3)
  5 iguanas
  2 orc wizards (D:6)
  A mummy (D:6)
  9 adders
  A shadow imp (D:8)
  A white imp (D:5)
  6 worms
  3 dart slugs
  13 orcs
  2 bats
  8 endoplasms
  4 giant cockroaches
  13 goblins
  6 hobgoblins
  3 jackals (D:4)
  8 kobolds
  2 quokkas
  A training dummy (D:8)
  6 ball pythons
  2 frilled lizards (D:1)
  6 rats
173 creatures vanquished.

Notes
Turn   | Place    | Note
-------+----------+-------------------------------------------
     0 | D:1      | Starhustler the Deep Elf Ice Elementalist began the quest
                  | for the Orb.
     0 | D:1      | Reached XP level 1. HP: 10/10 MP: 6/6
   269 | D:1      | Reached XP level 2. HP: 15/15 MP: 6/8
   632 | D:1      | Reached XP level 3. HP: 15/19 MP: 6/10
   646 | D:1      | Learned a level 3 spell: Frozen Ramparts
   650 | D:1      | Learned a level 3 spell: Ozocubu's Armour
  1224 | D:2      | Found a faded altar of an unknown god.
  1245 | D:2      | Found a sparkling altar of Nemelex Xobeh.
  1316 | D:2      | Reached skill level 5 in Ice Magic
  1348 | D:2      | Reached skill level 4 in Spellcasting
  1785 | D:3      | Reached XP level 4. HP: 24/24 MP: 10/12
  2084 | D:3      | Found a runed translucent door.
  2085 | D:3      | Noticed Crazy Yiuf
  2562 | D:3      | Killed Crazy Yiuf
  2721 | D:4      | Reached XP level 5. HP: 25/28 MP: 10/14
  2949 | D:4      | Noticed a yak
  2949 | D:4      | Noticed a yak
  2993 | D:4      | Noticed a yak
  2995 | D:4      | Noticed a yak
  2997 | D:4      | Noticed a yak
  2997 | D:4      | Noticed a yak
  3196 | D:4      | Noticed an ogre
  3217 | D:4      | Killed an ogre
  3218 | D:4      | Reached skill level 5 in Spellcasting
  3229 | D:4      | Reached XP level 6. HP: 28/32 MP: 6/16
  3396 | D:5      | Entered Level 5 of the Dungeon
  3404 | D:5      | Reached skill level 6 in Spellcasting
  3476 | D:5      | Reached XP level 7. HP: 23/36 MP: 2/19
  3486 | D:6      | Noticed Maggie
  3505 | D:5      | Found a bloodstained altar of Trog.
  3552 | D:5      | Reached skill level 7 in Spellcasting
  3599 | D:5      | Noticed Sigmund
  3645 | D:5      | Reached skill level 5 in Dodging
  3736 | D:5      | Killed Sigmund
  3887 | D:5      | Reached skill level 8 in Spellcasting
  3887 | D:5      | Reached XP level 8. HP: 29/41 MP: 16/22
  3987 | D:5      | Found a shimmering altar of Xom.
  4037 | D:5      | Found a staircase to the Ecumenical Temple.
  4147 | D:5      | Learned a level 4 spell: Hailstorm
  4433 | D:4      | Reached skill level 9 in Spellcasting
  4448 | D:4      | Reached skill level 10 in Spellcasting
  4448 | D:4      | Reached XP level 9. HP: 41/45 MP: 1/25
  4833 | D:6      | Killed Maggie
  5061 | D:6      | Found a snail-covered altar of Cheibriados.
  5233 | D:6      | Reached skill level 11 in Spellcasting
  5233 | D:6      | Reached skill level 10 in Ice Magic
  5527 | D:6      | Noticed Eustachio
  5536 | D:6      | Killed Eustachio
  5808 | D:7      | Found a flagged portal.
  5814 | Bailey   | Entered a bailey
  6109 | D:7      | Reached skill level 12 in Spellcasting
  6211 | D:7      | Reached XP level 10. HP: 38/45 MP: 8/28
  6405 | D:8      | Learned a level 2 spell: Wereblood
  6410 | D:8      | Learned a level 4 spell: Ice Form
  6413 | D:8      | Found Geic's Firing Range.
  6635 | D:7      | Identified the +2 leather armour of the Poles {rC- rCorr
                  | Dex-3 Slay+5}
  6931 | D:7      | Reached skill level 1 in Transmutations
  7683 | D:8      | Noticed a two-headed ogre
  7698 | D:8      | Killed a two-headed ogre
  7699 | D:8      | Reached skill level 13 in Spellcasting
  7906 | D:8      | Found a radiant altar of Vehumet.
  8353 | D:9      | Noticed a death yak
  8355 | D:9      | Noticed a death yak
  8362 | D:9      | Found a sacrificial altar of Ru.
  8372 | D:9      | Noticed a death yak
  8394 | D:9      | Killed a death yak
  8448 | D:10     | Entered Level 10 of the Dungeon
  8581 | D:10     | Learned a level 1 spell: Slow
  8584 | D:10     | Learned a level 2 spell: Scorch
  8598 | D:10     | Noticed a rust devil
  8601 | D:10     | Noticed a rust devil
  8606 | D:10     | Mangled by a red devil

Illustrated notes

Levels and vault maps discovered:
D:1:      evilmike_arrival_crescent, layout_rooms
D:2:      layout_loops_cross, chequers_ecumenical_altar_simple_redux,
          basic_altar
D:3:      layout_basic, uniq_crazy_yiuf_cottage
D:4:      layout_loops_ring, minmay_misc_feat_ornament
D:5:      layout_rooms, marbit_many_paths, mainiacjoe_overflow_six_doors_small,
          minmay_temple_entry_fiery, minmay_misc_feat_chi, minmay_between,
          uniq_sigmund
D:6:      layout_basic, slow_altar_1, uniq_maggie, uniq_eustachio
D:7:      minmay_angry_zag, layout_gridville, enter_bailey_3,
          corexii_item_surrounded_by_moat
D:8:      layout_loops_ring, vehumet_statue, nicolae_shop_firing_range
D:9:      layout_irregular_city, nicolae_ru_awakened_eye, dpeg_lair_monsters,
          amcnicky_mini_corridor_feature, chequers_jeans,
          minmay_shop_grid_forest
D:10:     layout_rooms, orc_0_dummy, minmay_diced_spiral

Skill      XL: |  1  2  3  4  5  6  7  8  9 10 |
---------------+-------------------------------+-----
Stealth        | 3 |  3.1
Dodging        | 3 4 5 6 8 9 |  9.1
Ice Magic      | 5 6 7 9 10 12 | 12.1
Spellcasting   | 4 5 6 8 10 12 13 | 13.5
Transmutations | 3 |  3.1

Action                   |  1- 3 |  4- 6 |  7- 9 | 10-12 || total
-------------------------+-------+-------+-------+-------++-------
Melee: Unarmed           |     1 |       |       |    24 ||    25
       Dagger            |     1 |       |       |       ||     1
       Quarterstaff      |       |    25 |    45 |    45 ||   115
Throw: Throwing net      |       |     1 |       |       ||     1
 Cast: Freeze            |    56 |    47 |    77 |    21 ||   201
       Frozen Ramparts   |     1 |     8 |    14 |    16 ||    39
       Ozocubu's Armour  |     1 |     5 |    18 |    16 ||    40
       Hailstorm         |       |       |    25 |     5 ||    30
       Wereblood         |       |       |       |     5 ||     5
       Ice Form          |       |       |       |     3 ||     3
Evoke: Wand              |       |       |       |     3 ||     3
  Use: Scroll            |     2 |     3 |     6 |     1 ||    12
       Potion            |       |       |    13 |     6 ||    19
 Stab: Sleeping          |       |     3 |       |     1 ||     4
Armor: Robe              |     7 |    19 |    37 |       ||    63
       Steam dragon scal |       |       |    37 |    41 ||    78
       Skin              |       |       |       |     8 ||     8
Dodge: Dodged            |    25 |    50 |   119 |    90 ||   284
Block: Other             |       |       |    18 |    29 ||    47
       Reflection        |       |       |     1 |       ||     1
